 Dungeon Crawl Stone Soup version 0.31-a0-1591-g515db51633 (webtiles) character file.

Game seed: 8720361464383823994

12 MisterAzrael the Ruffian (level 2, 27/27 HPs)
             Began as a Troll Shapeshifter on Jan 6, 2024.
             Was a Follower of Sif Muna.
             Quit the game on level 1 of the Dungeon.
             The game lasted 00:00:35 (456 turns).

MisterAzrael the Ruffian (Troll Shapeshifter)        Turns: 456, Time: 00:00:36

Health: 27/27      AC:  4    Str: 21    XL:     2   Next: 20%
Magic:  1/1        EV:  9    Int:  6    God:    Sif Muna [*.....]
Gold:   23         SH:  0    Dex:  9    Spells: 1/1 levels left

rFire   . .          .
                       - Unarmed
rCold   . . .        (no shield)
rNeg    . . .        a - +0 animal skin
rPois   .            (helmet currently unavailable)
rElec   .            (cloak currently unavailable)
rCorr   .            (gloves unavailable)
SInv    .            (boots unavailable)
Will    .....        (no amulet)
Stlth   +            (no ring)
HPRegen 1.04/turn    (no ring)
MPRegen 0.07/turn

%: no passive effects
@: beast-form
A: beast (slay +1), large, unfitting armour, claws 3, regeneration 1, shaggy fur
1, tough skin 1
a: Begin Untransformation, Renounce Religion, Channel Magic


You were on level 1 of the Dungeon.
You worshipped Sif Muna.
Sif Muna was aware of your devotion.
You were a hulking beast.
You visited 1 branch of the dungeon, and saw 1 of its levels.

You collected 23 gold pieces.

Inventory:

Armour
 a - a +0 animal skin (worn)
Talismans
 c - a beast talisman
 d - a flux talisman
Scrolls
 e - a scroll of enchant weapon {unknown}
 f - a scroll of summoning {unknown}
Potions
 b - a potion of lignification


   Skills:
 + Level 1.1 Fighting
 - Level 1.5 Dodging
 * Level 3.3 Unarmed Combat
 + Level 3.1 Shapeshifting


You had one spell level left.
You didn't know any spells.
Your spell library contained the following spells:

 Spells                   Type           Power      Damage    Failure   Level
 Dazzling Flash           Conj/Hex       0%         N/A       83%         3
 Volatile Blastmotes      Fire/Tloc      0%         2d10      83%         3
 Starburst                Conj/Fire      0%         6d3       100%        6
 Maxwell's Capacitive Co  Air            0%         ∞         100%        8


Dungeon Overview and Level Annotations

Branches:
Dungeon (1/15)

Altars:
Sif Muna


Innate Abilities, Weirdness & Mutations

You are a hulking beast.
Your limbs bulge with bestial killing power. (Slay +1)
You are too large for most types of armour.
You have claws for hands.
Your natural rate of healing is unusually fast.
You are covered in fur. (AC +1)
You have tough skin. (AC +1)


Message History

A bat comes into view.
A bat is nearby!
A bat is nearby!
The bat hits you but does no damage. The bat hits you but does no damage.
You barely miss the bat. The bat closely misses you.
You closely miss the bat. The bat hits you. The bat misses you.
You closely miss the bat. The bat misses you. The bat barely misses you.
The bat hits you but does no damage. x2
You claw the bat!
You kill the bat!
No target in view!
No target in view!
You open the door.
A quokka comes into view.
Found a faded altar of an unknown god.
A quokka is nearby!
A quokka is nearby!
No reachable target in view!
No reachable target in view!
No reachable target in view!
There is an open door here.
You scratch the quokka but do no damage.
The quokka bites you.
You closely miss the quokka. The quokka bites you.
The quokka bites you but does no damage.
You barely miss the quokka. The quokka bites you.
You scratch the quokka.
The quokka is severely wounded.
The quokka barely misses you.
You scratch the quokka.
You kill the quokka!
You see here a quokka corpse.
There is a faded altar of an unknown god here.
This altar belongs to (a) Uskayaw, (b) Sif Muna or (c) Cheibriados, but you can't tell which.
Press the corresponding letter to learn more about a god, or press enter to convert or escape to cancel.
Sif Muna accepts your prayer! Sif Muna welcomes you!
You can now call upon Sif Muna for magical energy.
Are you sure you want to abandon this character and quit the game? (Confirm with "yes".)

####.....# #########
.....###.#######........ .###.#
#................
.###.###..###.##.###
.##................# ...
.#.###....#######..# #.# ..##
##...#8...8#..######.# #..
.#.###.#.P#†###.##......#.# #.#
....#.##..'.#2#.h#^.###.#.# #.#
......##.P#.###.##.## #.#.# #.#
.##.......#8...8#..# #.#.# #.#
.##...##..#######..####.#.# #.#
#####.##............#.....###.#
#.###.##..#####.#.........# #.#
#.###.# #.......###.## #.# #.#
#.#######.....##...## #####.#
#.# #.............##.#...


You could see a hellion (petrified).

Vanquished Creatures
  A ball python (D:1)
  2 bats (D:1)
  2 endoplasms (D:1)
  2 goblins (D:1)
  2 kobolds (D:1)
  A quokka (D:1)
  A rat (D:1)
11 creatures vanquished.

Notes
Turn   | Place    | Note
-------+----------+-------------------------------------------
     0 | D:1      | MisterAzrael the Troll Shapeshifter began the quest for the
                  | Orb.
     0 | D:1      | Reached XP level 1. HP: 18/18 MP: 0/0
   221 | D:1      | Reached skill level 1 in Fighting
   271 | D:1      | Reached XP level 2. HP: 27/27 MP: 1/1
   439 | D:1      | Found a faded altar of an unknown god.
   439 | D:1      | Noticed a hellion
   455 | D:1      | Prayed at the altar of an unknown god.
   455 | D:1      | Became a worshipper of Sif Muna the Loreminder
   455 | D:1      | Reached * piety under Sif Muna
   456 | D:1      | Quit the game

Illustrated notes

Levels and vault maps discovered:
D:1:      tarquinn_simple_flora_water_e, layout_loops_ring,
          dreamdust_ecumenical_altar_sealed_demon, st_stairs_6

Skill      XL: |  1 |
---------------+----+-----
Fighting       | 1 |  1.1
Dodging        | |  1.5
Unarmed Combat | |  3.3
Shapeshifting  | |  3.1

Action                     || total
---------------------------++-------
  Melee: Unarmed           ||    25
 Armour: Animal skin       ||    15
  Dodge: Dodged            ||    10

Table legend: (Time is in decaauts)
 A = Elapsed time spent in this place.
 B = Non-inter-level travel time spent in this place.
 C = Inter-level travel time spent in this place.
 D = Time resting spent in this place.
 E = Time spent auto-exploring this place.
 F = Levels seen in this place.
 G = Mean time per level.
                   A        B        C        D        E       F      G
               +--------+--------+--------+--------+--------+-----+--------+
         Total |    454 |    454 |      0 |      0 |    382 |   1 |  454.0 |
       Dungeon |    454 |    454 |      0 |      0 |    382 |   1 |  454.0 |
               +--------+--------+--------+--------+--------+-----+--------+

Top non-repeatable levels by time:
     D:1: 454 daAuts
